 Dungeon Crawl Stone Soup version 0.28.0-53-g5a82cb258f (webtiles) character file.

Game seed: 6381849292782690276

139302 Infinimo the Bludgeoner (level 17, -4/201 HPs)
             Began as an Ogre Gladiator on June 3, 2022.
             Was an Elder of Okawaru.
             Shot with a bolt by a naga sharpshooter (33 damage)
             ... led by Vashnia
             ... on level 2 of the Snake Pit.
             The game lasted 00:40:28 (27172 turns).

Infinimo the Bludgeoner (Ogre Gladiator)           Turns: 27172, Time: 00:40:28

Health: -4/201     AC:  7    Str: 28    XL:     17   Next: 28%
Magic:  17/17      EV: 13    Int:  9    God:    Okawaru [****..]
Gold:   2845       SH:  0    Dex:  8    Spells: 16/16 levels left

rFire   + + +      SeeInvis .   c - +4 giant spiked club (spect)
rCold   + + .      Faith    .   (shield currently unavailable)
rNeg    . . .      Spirit   .   F - +0 troll leather armour
rPois   +          Reflect  .   W - +2 hat of Supple Strength {rPois rF+ rC+ Dex-2}
rElec   .          Harm     .   P - scarf {rC+ rF+}
rCorr   +          Rampage  .   (gloves unavailable)
Will    +....                   (boots unavailable)
Stlth   +.........              k - amulet of regeneration
HPRegen 2.03/turn               l - ring "Xiry" {Fly rCorr Slay+3}
MPRegen 0.15/turn               Z - ring of protection from fire

@: flying
A: large, unfitting armour, tough skin 1
a: Renounce Religion, Heroism, Finesse


You were on level 2 of the Snake Pit.
You worshipped Okawaru.
Okawaru was greatly pleased with you.
You visited 5 branches of the dungeon, and saw 26 of its levels.
You also visited: Bailey and Gauntlet.

You collected 2950 gold pieces.
You spent 105 gold pieces at shops.

Inventory:

Hand Weapons
 b - a +8 spectral giant club
 c - a +4 spectral giant spiked club (weapon)
Missiles
 d - 6 throwing nets (quivered)
 h - 28 poisoned darts
 M - 7 curare-tipped darts
Armour
 F - a +0 troll leather armour (worn)
 P - a scarf of resistance (worn)
 U - the +2 hat of Cyapp {rElec Int+4}
   (You found it in a Gauntlet)

   Int:       It affects your intelligence (+4).
   rElec:     It insulates you from electricity.
 W - the +2 hat of Supple Strength (worn) {rPois rF+ rC+ Dex-2}
   (You acquired it on level 2 of the Orcish Mines)

   Dex:       It affects your dexterity (-2).
   rF:        It protects you from fire.
   rC:        It protects you from cold.
   rPois:     It protects you from poison.
Jewellery
 k - an amulet of regeneration (around neck)
 l - the ring "Xiry" (left hand) {Fly rCorr Slay+3}
   (You bought it in a shop on level 2 of the Dungeon)

   [ring of flight]

   Slay:      It affects your accuracy & damage with ranged weapons and melee
   (+3).
   Fly:       It grants you flight.
   rCorr:     It protects you from acid and corrosion.
 q - an amulet of reflection
 s - a ring of fire
 Z - a ring of protection from fire (right hand)
Wands
 j - a wand of flame (73)
 n - a wand of paralysis (17)
 r - a wand of mindburst (15)
 C - a wand of acid (18)
 D - a wand of iceblast (17)
 K - a wand of polymorph (10)
 L - a wand of charming (12)
 X - a wand of digging (5)
Scrolls
 a - 6 scrolls of teleportation
 m - 11 scrolls of identify
 p - a scroll of enchant weapon
 A - 10 scrolls of fog
 B - a scroll of holy word
 G - 2 scrolls of magic mapping
 H - 5 scrolls of brand weapon
 N - 2 scrolls of fear
 S - a scroll of amnesia
 Y - a scroll of blinking
Potions
 e - 3 potions of lignification
 f - 11 potions of curing
 g - 6 potions of degeneration
 i - 2 potions of mutation
 o - 4 potions of ambrosia
 t - 3 potions of cancellation
 v - 4 potions of resistance
 w - 6 potions of brilliance
 x - 5 potions of haste
 z - 4 potions of might
 E - a potion of invisibility
 I - 4 potions of attraction
 J - a potion of flight
 T - 5 potions of heal wounds


   Skills:
 + Level 19.9 Fighting
 * Level 19.9 Maces & Flails
 - Level 2.0 Throwing
 + Level 14.6 Dodging


You had 16 spell levels left.
You didn't know any spells.
Your spell library contained the following spells:

 Spells                   Type           Power      Damage    Failure   Level
 Beastly Appendage        Tmut           0%         N/A       41%         1
 Freeze                   Ice            0%         1d3       41%         1
 Magic Dart               Conj           0%         1d3       41%         1
 Sting                    Tmut/Pois      0%         1d3       41%         1
 Blink                    Tloc           0%         N/A       56%         2
 Corpse Rot               Necr/Air       0%         N/A       56%         2
 Ensorcelled Hibernation  Hex/Ice        0%         N/A       56%         2
 Passwall                 Tmut/Erth      0%         N/A       56%         2
 Poisonous Vapours        Pois/Air       0%         N/A       56%         2
 Scorch                   Fire           0%         2d5       56%         2
 Sublimation of Blood     Necr           0%         N/A       56%         2
 Wereblood                Tmut           0%         N/A       56%         2
 Conjure Flame            Conj/Fire      0%         6-21      80%         3
 Frozen Ramparts          Ice            0%         1d2       80%         3
 Ignite Poison            Fire/Tmut/Pois 0%         N/A       80%         3
 Lesser Beckoning         Tloc           0%         N/A       80%         3
 Mephitic Cloud           Conj/Pois/Air  0%         N/A       80%         3
 Spider Form              Tmut/Pois      0%         N/A       80%         3
 Swiftness                Air            0%         N/A       80%         3
 Anguish                  Hex/Necr       0%         N/A       99%         4
 Flame Wave               Conj/Fire      0%         2d4       99%         4
 Hailstorm                Conj/Ice       0%         3d3       99%         4
 Olgreb's Toxic Radiance  Pois           0%         N/A       99%         4
 Petrify                  Tmut/Erth      0%         N/A       99%         4
 Sticky Flame             Conj/Fire      0%         2d3       99%         4
 Manifold Assault         Tloc           0%         N/A       100%        5
 Metabolic Englaciation   Hex/Ice        0%         N/A       100%        5
 Statue Form              Tmut/Erth      0%         N/A       100%        6
 Storm Form               Tmut/Air       0%         N/A       100%        7
 Maxwell's Capacitive Co  Air            0%         ∞         100%        8
 Call Imp                 Summ           Unusable   N/A       N/A         2
 Summon Lightning Spire   Summ/Air       Unusable   N/A       N/A         4
 Summon Cactus Giant      Summ           Unusable   N/A       N/A         6
 Summon Hydra             Summ           Unusable   N/A       N/A         7

Dungeon Overview and Level Annotations

Branches:
Dungeon (15/15)            Temple (1/1) D:7            Lair (6/6) D:8
  Swamp (0/4) Lair:3        Snake (2/4) Lair:2        Slime (0/5) Lair:5
    Orc (2/2) D:10            Elf (0/3) Orc:2        Vaults (0/5) D:13
 Depths (0/4) D:15         Bailey (visited)         Gauntlet (visited)

Altars:
Ashenzari
Cheibriados
Dithmenos
Elyvilon
Fedhas
Gozag
Hepliaklqana
Kikubaaqudgha
Makhleb
Nemelex Xobeh
Okawaru
Qazlal
Ru
Sif Muna
Trog
Uskayaw
Vehumet
Wu Jian
Xom
Yredelemnul
Zin
The Shining One
Beogh

Shops:
D:2 *   D:11 [   D:14 *   Orc:2 *=[(   Snake:2 (

Annotations:
D:4 1 runed translucent door, Crazy Yiuf


Innate Abilities, Weirdness & Mutations

You are too large for most types of armour.
You have tough skin. (AC +1)


Message History

The splash of poison hits you. You resist.
You feel sick.
The naga sharpshooter unwields a +1 vorpal mace.
The naga sharpshooter wields a +0 shortbow.
The naga sharpshooter shoots an arrow.
The arrow completely misses you.
You feel sick.
You feel sick.
The naga sharpshooter gestures wildly while chanting.
The naga sharpshooter magically shoots an arrow.
The arrow hits you!
You feel sick.
The naga sharpshooter mumbles some strange words.
The naga sharpshooter magically shoots an arrow.
The arrow hits you!
The naga sharpshooter spits poison at you.
The splash of poison hits you. You resist.
You crush the naga sharpshooter like a grape!!!
The naga sharpshooter is almost dead.
Your +4 spectral giant spiked club hits the naga sharpshooter!!!
You kill the naga sharpshooter!
Okawaru accepts your kill.
The naga sharpshooter mumbles some strange words.
The naga sharpshooter magically shoots an arrow.
The arrow hits you!
Unknown command.
You feel sick.
You are no longer poisoned.
The naga sharpshooter shoots an arrow.
The arrow hits you!!
* * * LOW HITPOINT WARNING * * *
The naga sharpshooter spits poison at you.
The splash of poison hits you but does no damage.
You resist.
Unknown command.
The naga sharpshooter gestures wildly while chanting.
The naga sharpshooter magically shoots a bolt.
The bolt hits you!!
* * * LOW HITPOINT WARNING * * *
You hear a shout!
The naga sharpshooter shoots a bolt.
The bolt hits you!!
You die...

...# ##.# .##... .N# ##.#####
..#.... #.##§.#...#### . ##...
#N)†........# .# ####
#)#.........## #.# ####
.SNN....##.........###.#####...
.!.N....##..........#.##.......
....#...##.........#...........
.#. ##..##....@....##..........
# #..#.##.......##..........
...#. ###....####.........
....# #########......... ..
#.####........... ..#
#...####.##...... ##.###
##.###..... ##.#####.##
#..###..... ###.......†##
#.#.##.##..


You could see a naga sharpshooter.

Vanquished Creatures
  Vashnia (Snake:2)
  Jorgrun (Orc:2)
  Rupert (D:15)
  Mlioglotl (Snake:2)
  Agnes (D:15)
  Louise (D:15)
  Aizul (Snake:2)
  An orc warlord (Orc:2)
  Azrael (D:15)
  A minotaur (Gauntlet)
  Snorg (Orc:2)
  2 fire dragons
  Josephine (Lair:6)
  A green death (Gauntlet)
  4 naga warriors
  4 boulder beetles
  Fannar (Lair:3)
  A salamander tyrant (Snake:2)
  4 hydras
  Erolcha (D:10)
  An ice dragon (D:15)
  2 catoblepae (Lair:3)
  3 anacondas
  2 centaur warriors
  2 ogre magi (D:15)
  12 two-headed ogres
  2 dancing weapons (D:13)
  18 death yaks
  2 death knights
  Urug (Lair:5)
  An orc high priest (Orc:2)
  4 shock serpents (Snake:2)
  6 naga sharpshooters
  Sonja (D:12)
  A soul eater (Gauntlet)
  A swamp dragon (Lair:6)
  7 skeletal warriors
  4 sea snakes (Snake:2)
  3 bog bodies (Lair:3)
  3 naga ritualists
  Pikel (D:7)
  4 mana vipers
  10 ugly things
  5 orc knights
  A phantasmal warrior (D:15)
  An oklob plant (Lair:1)
  2 deep elf pyromancers
  2 orc sorcerers (Orc:2)
  A manticore (D:14)
  8 salamanders
  7 elephants
  5 cyclopes
  3 naga magi
  Joseph (D:7)
  A torpor snail (Lair:5)
  3 gargoyles
  23 black mambas
  12 cane toads
  2 orange demons (Gauntlet)
  2 rime drakes (Lair:6)
  9 komodo dragons
  Psyche (D:10)
  2 freezing wraiths
  2 tengu conjurers (D:14)
  9 trolls
  3 meliai (D:15)
  2 polar bears
  34 blink frogs
  8 slime creatures
  3 centaur simulacra (Gauntlet)
  6 wraiths
  A shadow (D:12)
  4 wyverns
  A vampire (D:11)
  Eustachio (D:4)
  48 yaks
  4 basilisks
  9 vampire mosquitoes
  3 fire elementals (D:15)
  Grum (D:10)
  3 steam dragons
  3 wargs
  Menkaure (D:7)
  2 acid dragons (Lair:6)
  14 nagas
  9 water moccasins
  A hell hound (D:15)
  33 orc warriors
  5 black bears
  An ice beast (D:6)
  A sky beast (D:7)
  A swamp drake (Lair:6)
  A necrophage (D:6)
  An ogre (shapeshifter) (D:12)
  6 centaurs
  12 ogres
  15 wolves
  A phantom (D:4)
  3 lemures (D:7)
  12 bullfrogs
  2 kobold brigands
  2 scorpions (D:6)
  A water moccasin zombie (D:5)
  4 wights (D:9)
  7 howler monkeys
  11 electric eels
  5 centaur zombies
  2 hounds
  10 jellies
  A wyvern simulacrum (Gauntlet)
  3 centaur skeletons
  22 orc priests
  2 bullfrog skeletons (D:5)
  Natasha (thrice) (D:2)
  4 iguanas
  22 orc wizards
  14 hell rats
  A killer bee zombie (D:7)
  A hound zombie (D:5)
  A hound skeleton (D:4)
  4 gnolls (D:5)
  9 adders
  2 shadow imps (Gauntlet)
  A white imp (D:6)
  2 ufetubi (D:5)
  An adder zombie (D:5)
  A worm (D:2)
  4 dart slugs
  72 orcs
  11 ball pythons
  10 endoplasms
  5 giant cockroaches
  5 hobgoblins
  4 jackals (D:4)
  5 quokkas
  7 bats
  4 frilled lizards
  8 goblins
  22 kobolds
  3 rats
774 creatures vanquished.

Vanquished Creatures (others)
  A salamander (Snake:2)
  44 fungi
  68 plants
  8 toadstools (D:4)
  23 withered plants (Gauntlet)
144 creatures vanquished.

Grand Total: 918 creatures vanquished

Notes
Turn   | Place    | Note
-------+----------+-------------------------------------------
     0 | D:1      | Infinimo the Ogre Gladiator began the quest for the Orb.
     0 | D:1      | Reached XP level 1. HP: 22/22 MP: 1/1
   262 | D:1      | Reached XP level 2. HP: 24/29 MP: 2/2
   378 | D:1      | Found a faded altar of an unknown god.
   962 | D:2      | Reached XP level 3. HP: 15/37 MP: 3/3
  1176 | D:2      | Noticed Natasha
  1187 | D:2      | Killed Natasha
  1484 | D:2      | Reached XP level 4. HP: 45/45 MP: 4/4
  1494 | D:2      | Found Sifraomp's Assorted Antiques.
  1600 | D:2      | Noticed Natasha
  1613 | D:2      | Killed Natasha
  1797 | D:2      | Noticed Natasha
  1804 | D:2      | Killed Natasha
  1805 | D:2      | Reached XP level 5. HP: 46/54 MP: 5/5
  2090 | D:2      | Bought a scorched silver ring for 105 gold pieces
  2090 | D:2      | Identified the ring "Xiry" {Fly rCorr Slay+3} (You bought
                  | it in a shop on level 2 of the Dungeon)
  2324 | D:3      | Noticed a black bear
  2337 | D:3      | Killed a black bear
  2338 | D:3      | Reached XP level 6. HP: 63/63 MP: 6/6
  2819 | D:4      | Reached skill level 5 in Maces & Flails
  2953 | D:3      | Reached skill level 5 in Fighting
  3027 | D:4      | Noticed Eustachio
  3092 | D:3      | Reached XP level 7. HP: 52/72 MP: 7/7
  3250 | D:4      | Found a white marble altar of Elyvilon.
  3254 | D:4      | Found a shimmering blue altar of Sif Muna.
  3254 | D:4      | Found a blossoming altar of Fedhas.
  3453 | D:4      | Killed Eustachio
  3468 | D:4      | Found a bloodstained altar of Trog.
  3690 | D:4      | Found a hazy altar of Hepliaklqana.
  3691 | D:4      | Found a burning altar of Makhleb.
  3693 | D:4      | Found a broken altar of Ashenzari.
  3891 | D:4      | Reached XP level 8. HP: 83/83 MP: 8/8
  4222 | D:4      | Found a runed translucent door.
  4223 | D:4      | Noticed Crazy Yiuf
  4278 | D:4      | Reached skill level 5 in Dodging
  4343 | D:5      | Entered Level 5 of the Dungeon
  4376 | D:5      | Found a hide-covered altar of Uskayaw.
  5746 | D:6      | Reached XP level 9. HP: 80/94 MP: 9/9
  6231 | D:7      | Found a flagged portal.
  6245 | Bailey   | Entered a bailey
  6547 | D:7      | Noticed Pikel
  6563 | D:7      | Killed Pikel
  6627 | D:7      | Found a glowing golden altar of the Shining One.
  6916 | D:7      | Noticed Menkaure
  6920 | D:7      | Noticed Joseph
  6923 | D:7      | Killed Menkaure
  6924 | D:7      | Found an opulent altar of Gozag.
  6927 | D:7      | HP: 4/98 [Joseph/+0 quarterstaff (18)]
  6929 | D:7      | Killed Joseph
  7239 | D:7      | Found a staircase to the Ecumenical Temple.
  7322 | D:8      | Reached XP level 10. HP: 91/107 MP: 10/10
  7380 | D:8      | Found an ornate altar of the Wu Jian Council.
  7550 | D:8      | Found a staircase to the Lair.
  7741 | D:8      | Noticed a two-headed ogre
  7793 | D:8      | Killed a two-headed ogre
  7794 | D:8      | Reached skill level 10 in Fighting
  7794 | D:8      | Reached skill level 10 in Maces & Flails
  9231 | D:10     | Entered Level 10 of the Dungeon
  9231 | D:10     | Noticed Psyche
  9240 | D:10     | Killed Psyche
  9419 | D:10     | Found a staircase to the Orcish Mines.
  9487 | D:10     | Found a sparkling altar of Nemelex Xobeh.
  9497 | D:10     | Noticed a gargoyle
  9680 | D:10     | Killed a gargoyle
  9701 | D:9      | Reached XP level 11. HP: 51/119 MP: 11/11
  9833 | D:10     | Noticed Grum
  9863 | D:10     | Killed Grum
 10085 | D:10     | Noticed Erolcha
 10095 | D:10     | Killed Erolcha
 10247 | D:10     | Found a shimmering altar of Xom.
 10521 | Lair:1   | Entered Level 1 of the Lair of Beasts
 11007 | Lair:1   | Noticed an oklob plant
 11018 | Lair:1   | Killed an oklob plant
 11525 | Lair:2   | Reached XP level 12. HP: 110/133 MP: 12/12
 11651 | Lair:2   | Found a staircase to the Snake Pit.
 12015 | Lair:3   | Noticed a catoblepas
 12021 | Lair:3   | Killed a catoblepas
 12256 | Lair:3   | Found a staircase to the Swamp.
 12313 | Lair:3   | Noticed a catoblepas
 12318 | Lair:3   | Killed a catoblepas
 12484 | Lair:3   | Noticed Fannar
 12491 | Lair:3   | Killed Fannar
 12493 | Lair:3   | Noticed a boulder beetle
 12615 | Lair:4   | Noticed an eight-headed hydra
 12634 | Lair:4   | Killed an eight-headed hydra
 12635 | Lair:4   | Reached skill level 10 in Dodging
 12904 | Lair:4   | Reached XP level 13. HP: 141/146 MP: 13/13
 13531 | Lair:4   | You are sucked into a shaft and drop 2 floors!
 13531 | Lair:6   | Entered Level 6 of the Lair of Beasts
 13596 | Lair:6   | Noticed Josephine
 13934 | Lair:5   | Reached skill level 15 in Maces & Flails
 13939 | Lair:5   | Reached skill level 15 in Fighting
 14877 | Lair:5   | Reached XP level 14. HP: 148/159 MP: 14/14
 15183 | Lair:5   | Found a staircase to the Slime Pits.
 15271 | Lair:5   | Noticed Urug
 15275 | Lair:5   | Killed Urug
 15970 | Lair:6   | Killed Josephine
 16973 | D:11     | Found a gate leading to a gauntlet.
 16984 | Gauntlet | Entered a Gauntlet
 16984 | Gauntlet | Found a transporter.
 16984 | Gauntlet | Found a transporter.
 16990 | Gauntlet | Found a transporter.
 17006 | Gauntlet | Found a transporter.
 17013 | Gauntlet | Found a runed translucent door.
 17021 | Gauntlet | Found a transporter.
 17021 | Gauntlet | Found a transporter.
 17021 | Gauntlet | Found a transporter.
 17024 | Gauntlet | Found a transporter.
 17024 | Gauntlet | Found a transporter.
 17038 | Gauntlet | Found a transporter.
 17055 | Gauntlet | Found a runed translucent gate.
 17056 | Gauntlet | Found a transporter.
 17056 | Gauntlet | Found a runed translucent gate.
 17057 | Gauntlet | Found a runed translucent gate.
 17066 | Gauntlet | Found a transporter.
 17081 | Gauntlet | Found a transporter.
 17101 | Gauntlet | Found a transporter.
 17312 | Gauntlet | Identified the +2 hat of Cyapp {rElec Int+4}
 17421 | Gauntlet | Identified the +2 robe of Inviolability {Harm rElec rF-
                  | rCorr}
 17538 | D:11     | Reached XP level 15. HP: 161/172 MP: 15/15
 17835 | D:11     | Found Ettealu's Antique Armour Emporium.
 18513 | D:12     | Noticed Sonja
 18520 | D:12     | Killed Sonja
 19232 | D:13     | Found a gate to the Vaults.
 19313 | D:13     | Found the amulet of the Four Winds {rN+ Will+++ Clar}
 19313 | D:13     | Found the +5 robe of Misfortune {Harm *Corrode *Slow EV+5}
 19767 | Orc:1    | Entered Level 1 of the Orcish Mines
 19867 | Orc:2    | Entered Level 2 of the Orcish Mines
 19867 | Orc:2    | Noticed Snorg
 19871 | Orc:2    | Killed Snorg
 19933 | Orc:2    | Noticed an orc warlord
 20491 | Orc:2    | Found Yfinte's Antique Weapon Boutique.
 20499 | Orc:2    | Found a staircase to the Elven Halls.
 20561 | Orc:2    | Found Ubabir's General Store.
 20665 | Orc:2    | Noticed Jorgrun
 20738 | Orc:2    | Found Oliner's Antique Armour Emporium.
 20785 | Orc:2    | Killed an orc warlord
 20846 | Orc:2    | Killed Jorgrun
 20974 | Orc:2    | Found Ludorch's Jewellery Shoppe.
 21146 | Orc:2    | Found a bloodstained altar of Trog.
 21290 | Orc:2    | Identified a scroll of acquirement
 21290 | Orc:2    | Acquired the +2 hat of Supple Strength {rPois rF+ rC+
                  | Dex-2}
 21643 | D:14     | Reached XP level 16. HP: 164/185 MP: 16/16
 22024 | D:14     | Found Zitei's Fire Supplies.
 22346 | D:15     | Entered Level 15 of the Dungeon
 22454 | D:15     | Found a sacrificial altar of Ru.
 22666 | D:15     | Found a sparkling altar of Nemelex Xobeh.
 22702 | D:15     | Found a staircase to the Depths.
 22786 | D:15     | Noticed Agnes
 22793 | D:15     | Killed Agnes
 22853 | D:15     | Noticed Louise
 22866 | D:15     | Killed Louise
 23136 | D:15     | Noticed Rupert
 23149 | D:15     | Killed Rupert
 23311 | D:15     | Noticed Azrael
 23316 | D:15     | Killed Azrael
 23762 | Snake:1  | Entered Level 1 of the Snake Pit
 24274 | Temple   | Entered the Ecumenical Temple
 24796 | Temple   | Became a worshipper of Warmaster Okawaru
 25275 | Snake:1  | Reached * piety under Okawaru
 25636 | Snake:2  | Found Innih's Weapon Shoppe.
 25841 | Snake:2  | Reached ** piety under Okawaru
 26177 | Snake:2  | Reached XP level 17. HP: 135/198 MP: 17/17
 26384 | Snake:2  | Reached *** piety under Okawaru
 26729 | Snake:2  | Noticed Mlioglotl
 26740 | Snake:2  | Killed Mlioglotl
 27142 | Snake:2  | Noticed Vashnia
 27142 | Snake:2  | Noticed Aizul
 27155 | Snake:2  | Killed Aizul
 27161 | Snake:2  | Killed Vashnia
 27161 | Snake:2  | Reached **** piety under Okawaru
 27172 | Snake:2  | Shot with a bolt by a naga sharpshooter

Illustrated notes

Levels and vault maps discovered:
D:1:      dpeg_arrival_round_b, layout_loops_ring, ebering_ecumenical_altar_box
D:2:      layout_basic, serial_shops, shop, kennysheep_generic_room_8,
          uniq_natasha
D:3:      layout_rooms, grunt_ministairs_6, chequers_big_river
D:4:      cheibrodos_fertilizer, layout_rooms, grunt_temple_overflow_open,
          serial_park_tiny_1, nrook_mini_backslash, uniq_eustachio,
          uniq_crazy_yiuf_cottage
D:5:      minmay_skewed_foursquare, layout_basic,
          nicolae_uskayaw_murder_on_the_dancefloor
D:6:      layout_loops_corners, kennysheep_generic_room_7
D:7:      layout_basic, mainiacjoe_overflow_boulevard,
          mainiacjoe_overflow_chevrons, minmay_temple_entry_overgrown,
          enter_bailey_6, uniq_joseph, uniq_menkaure, uniq_pikel
D:8:      layout_loops_corners, nicolae_wu_jian_wuxing_cycle, lair_entry_dummy
D:9:      layout_small_grid, chequers_serial_rivers_micro_b
D:10:     layout_loops_cross, mainiacjoe_overflow_divided_tiny, erik_orc_4,
          kennysheep_small_circle, uniq_grum, uniq_erolcha, uniq_psyche
D:11:     layout_loops_ring, serial_shops, shop, gauntlet_entry_generic,
          minmay_bent
D:12:     layout_irregular_city, hangedman_decor_clover_reticule, uniq_sonja
D:13:     layout_roguey, erik_vaults_1, minivault_12
D:14:     layout_irregular_city, minmay_misc_feat_ornament,
          nicolae_shop_fire_sale [nicolae_sub_dead_trees],
          palyth_stone_intersect
D:15:     grunt_enter_depths_hoard, layout_stronghold,
          nemelex_lonely_heart_becter, nicolae_ru_great_annihilating_truth,
          uniq_azrael, uniq_agnes, uniq_louise, uniq_rupert
Temple:   jpeg_temple_island
Lair:1:   layout_regular_city, minmay_lair_oklob_items, grunt_megastairs_2
Lair:2:   layout_misc_corridors, dummy_snake_entry
Lair:3:   layout_small_grid, nicolae_swamp_entry_splash_gauntlet,
          beast_lair_carwin_3, uniq_fannar
Lair:4:   layout_layer_cave
Lair:5:   layout_layer_cave, minmay_slime_entry_pillars,
          infiniplex_staircase_pool, grunt_megastairs_1, uniq_urug
Lair:6:   guppyfry_lair_end_dragon, layout_regular_city, uniq_josephine
Snake:1:  layout_onion_interference
Snake:2:  layout_chambers, serial_shops, nicolae_shop_hallway_stairs,
          serial_bayou, serial_bayou_shore_b, serial_bayou_pond_d,
          serial_bayou_lake_a, serial_bayou_shore_a, drop_trap, uniq_mlioglotl,
          uniq_vashnia, uniq_aizul
Orc:1:    layout_caves, basic_altar
Orc:2:    grunt_orc_gardens, layout_caves, grunt_orc_garden, grunt_orc_garden,
          grunt_orc_garden, grunt_orc_garden, david_defended_altar_orc,
          uniq_jorgrun, uniq_snorg

Skill      XL: |  1  2  3  4  5  6  7  8  9 10 11 12 13 14 15 16 |
---------------+-------------------------------------------------+-----
Maces & Flails | 3 4 5 6 7 9 11 12 14 15 17 18 19 | 19.9
Fighting       | 3 4 5 6 7 9 10 12 14 15 16 18 19 | 19.9
Dodging        | 3 4 5 6 8 9 10 11 12 13 14 | 14.6
Throwing       | |  2.0

Action                   |  1- 3 |  4- 6 |  7- 9 | 10-12 | 13-15 | 16-18 || total
-------------------------+-------+-------+-------+-------+-------+-------++-------
Melee: Flail             |    94 |   148 |   330 |   189 |       |       ||   761
       Punch             |     2 |     3 |     5 |     4 |       |       ||    14
       Giant club        |       |       |       |   123 |   534 |       ||   657
       Giant spiked club |       |       |       |       |    37 |   293 ||   330
Throw: Throwing net      |       |     2 |       |     5 |       |       ||     7
       Dart              |       |       |       |     9 |       |       ||     9
Evoke: Wand              |       |       |       |     4 |       |       ||     4
  Use: Scroll            |       |       |    16 |     6 |    14 |     1 ||    37
       Potion            |       |       |     4 |       |     2 |     1 ||     7
 Stab: Held in net/web   |       |     1 |       |       |       |       ||     1
       Sleeping          |       |     1 |     1 |       |       |       ||     2
       Distracted        |       |       |     2 |     5 |     8 |     1 ||    16
       Invisible         |       |       |       |       |       |     1 ||     1
       Paralysed         |       |       |       |       |       |     1 ||     1
Armor: Robe              |    31 |    38 |   114 |    16 |       |       ||   199
       Troll leather arm |       |       |       |    53 |   102 |    32 ||   187
Dodge: Dodged            |    67 |    67 |   191 |   166 |   282 |   102 ||   875
